 Dungeon Crawl Stone Soup version 0.28-a0-422-gd71735cc25 (webtiles) character file.

Game seed: 8675411271933868229

16 heikuro the Shield-Bearer (level 2, -14/24 HPs)
             Began as a Formicid Fighter on Sept 9, 2021.
             Demolished by a kobold (16 damage)
             ... on level 1 of the Dungeon.
             The game lasted 00:00:59 (671 turns).

heikuro the Shield-Bearer (Formicid Fighter)         Turns: 671, Time: 00:00:59

Health: -14/24     AC:  6    Str: 20    XL:     2   Next: 75%
Magic:  2/2        EV:  9    Int:  7    God:
Gold:   35         SH:  4    Dex: 10    Spells: 1/1 levels left

rFire   . . .      SeeInvis +   b - +2 dagger (venom)
rCold   . . .      Faith    .   c - +0 buckler
rNeg    . . .      Spirit   .   h - +0 scale mail
rPois   .          Reflect  .   (helmet unavailable)
rElec   .          Harm     .   (no cloak)
rCorr   .          Rampage  .   (no gloves)
Will    .....                   (no boots)
Stlth   ..........              (no amulet)
HPRegen 0.08/turn               (no ring)
MPRegen 0.08/turn               (no ring)

@: no status effects
A: permanent stasis, dig shafts and tunnels, antennae 3, four strong arms
a: Dig, Shaft Self


You were on level 1 of the Dungeon.
You visited 1 branch of the dungeon, and saw 1 of its levels.

You collected 35 gold pieces.

Inventory:

Hand Weapons
 a - a +0 long sword
 b - a +2 dagger of venom (weapon)
Armour
 c - a +0 buckler (worn)
 h - a +0 scale mail (worn)
Scrolls
 e - a scroll of identify {unknown}
Potions
 d - a potion of might
 f - a potion of invisibility {unknown}
 g - a potion of lignification {unknown}


   Skills:
 + Level 3.5 Fighting
 * Level 2.4 Long Blades
 + Level 3.5 Armour
 + Level 3.8 Shields


You had one spell level left.
You didn't know any spells.
Your spell library contained the following spells:

 Spells                   Type           Power      Damage    Failure   Level
 Sublimation of Blood     Necr           0%         N/A       89%         2
 Wereblood                Tmut           0%         N/A       89%         2
 Summon Hydra             Summ           0%         N/A       100%        7


Dungeon Overview and Level Annotations

Branches:
Dungeon (1/15)

Altars:


Innate Abilities, Weirdness & Mutations

You cannot be hasted, slowed, berserked, paralysed or teleported.
You can dig through walls and to a lower floor.
You have a pair of large antennae on your head. (SInv)
Your four strong arms can wield two-handed weapons with a shield.


Message History

The ball python hisses angrily.
You hit the kobold but do no damage.
The kobold is poisoned.
You block the kobold's attack.
You hit the kobold but do no damage.
The kobold is moderately wounded.
You closely miss the kobold.
The kobold is moderately wounded.
The kobold hits you with a +0 club.
You hit the kobold.
You kill the kobold!
You hit the ball python.
The ball python is poisoned.
The ball python is severely wounded.
You kill the ball python!
You barely miss the giant cockroach. You block the giant cockroach's attack.
You hit the giant cockroach.
You kill the giant cockroach!
You closely miss the rat. You hit the rat.
You kill the rat!
The kobold throws a stone.
The stone barely misses you.
Items here: ( ) ††.
Found a scroll labelled NUGENNEDAAKK.
The kobold barely misses you.
You closely miss the kobold. You block the kobold's attack.
You barely miss the kobold. The kobold hits you but does no damage.
You closely miss the kobold. The kobold hits you but does no damage.
You are electrocuted!!
Ouch! That really hurt!
* * * LOW HITPOINT WARNING * * *
You are too injured to fight recklessly!
The kobold throws a stone.
The stone hits you but does no damage.
Items here: ( ) ††.
Press: ? - help, v - describe, . - travel
Here: a kobold, wielding a +1 whip of electrocution and quivering stones The floor.
Unknown command.
You closely miss the kobold. The kobold closely misses you.
You closely miss the kobold. The kobold hits you but does no damage.
You are electrocuted!
Ouch! That really hurt!
You die...

#.........#
##.#)###### .?
#.K..# ..#######.#
## ..#....#
.######>#..###
.#### ........#..#
.. .#..###
###.#....###....
......##
#.#...@K..........{
..<....#
...................
##..#..#
#.........#.###....
#####..#
#.##..###.#.# .##
[......# .#....
#.#.# # ....[.##
...##.###.#.#
.######
###.........#
.######
.#........###
......##
........÷.#


You could see a kobold.

Vanquished Creatures
  A dart slug (D:1)
  A ball python (D:1)
  3 bats (D:1)
  A giant cockroach (D:1)
  2 hobgoblins (D:1)
  A quokka (D:1)
  2 goblins (D:1)
  A kobold (D:1)
  A rat (D:1)
13 creatures vanquished.

Notes
Turn   | Place    | Note
-------+----------+-------------------------------------------
     0 | D:1      | heikuro the Formicid Fighter began the quest for the Orb.
     0 | D:1      | Reached XP level 1. HP: 18/18 MP: 1/1
    83 | D:1      | Reached XP level 2. HP: 23/24 MP: 2/2
   659 | D:1      | HP: 1/24 [kobold (20)]
   671 | D:1      | Demolished by a kobold

Illustrated notes

Levels and vault maps discovered:
D:1:      minmay_arrival_wavy_path, layout_loops_ring

Action                   || total
-------------------------++-------
Melee: Long sword        ||    39
       Dagger            ||    14
Armor: Scale mail        ||    23
Dodge: Dodged            ||    27
Block: Buckler           ||    24

Table legend: (Time is in decaauts)
 A = Elapsed time spent in this place.
 B = Non-inter-level travel time spent in this place.
 C = Inter-level travel time spent in this place.
 D = Time resting spent in this place.
 E = Time spent auto-exploring this place.
 F = Levels seen in this place.
 G = Mean time per level.
                   A        B        C        D        E       F      G
               +--------+--------+--------+--------+--------+-----+--------+
         Total |    681 |    681 |      0 |    232 |    262 |   1 |  681.0 |
       Dungeon |    681 |    681 |      0 |    232 |    262 |   1 |  681.0 |
               +--------+--------+--------+--------+--------+-----+--------+

Top non-repeatable levels by time:
     D:1: 681 daAuts
